 Dungeon Crawl Stone Soup version 0.31-a0-188-g5e087ee2ca (webtiles) character file.

Game seed: 5012637604788120910

319 qw the Skirmisher (level 6, -7/35 HPs)
             Began as a Deep Elf Hunter on June 23, 2023.
             Mangled by an ogre
             ... wielding a +0 giant club
              (26 damage)
             ... on level 4 of the Dungeon.
             The game lasted 00:01:13 (2564 turns).

qw the Skirmisher (Deep Elf Hunter)                 Turns: 2564, Time: 00:01:13

Health: -7/35      AC:  7    Str: 10    XL:     6   Next: 21%
Magic:  8/8        EV:  9    Int: 20    God:
Gold:   145        SH:  0    Dex: 18    Spells: 5/5 levels left

rFire   + . .        Y - +0 shortbow
rCold   + . .        (shield currently unavailable)
rNeg    + . .        g - +0 scale mail
rPois   .            (no helmet)
rElec   .            e - scarf "Wumuaxuf" {rC+ rF+, rN+ rCorr}
rCorr   +            c - +0 pair of gloves "Eziuxiam" {Int+6 Stlth+}
SInv    .            (no boots)
Will    .....        (no amulet)
Stlth   ++           (no ring)
HPRegen 0.25/turn    (no ring)
MPRegen 0.11/turn

%: no passive effects
@: no status effects
A: no striking features
a: no special abilities


You were on level 4 of the Dungeon.
You visited 1 branch of the dungeon, and saw 4 of its levels.

You collected 145 gold pieces.


   Skills:
 - Level 2.1 Fighting
 + Level 9.4 Ranged Weapons
 - Level 1.0 Armour
 - Level 2.4 Dodging
 - Level 1.2 Stealth


You had 5 spell levels left.
You didn't know any spells.
Your spell library was empty.

Inventory:

Hand Weapons
 Y - a +0 shortbow (weapon)
Armour
 c - the +0 pair of gloves "Eziuxiam" (worn) {Int+6 Stlth+}
   (You acquired it on level 2 of the Dungeon)

   Int:       It affects your intelligence (+6).
   Stlth:     It makes you more stealthy.
 e - the scarf "Wumuaxuf" (worn) {rC+ rF+, rN+ rCorr}
   (You found it on level 2 of the Dungeon)

   rN:        It protects you from negative energy.
   rCorr:     It protects you from acid and corrosion.
 g - a +0 scale mail (worn)
Scrolls
 a - a scroll of identify
 j - a scroll of teleportation
Potions
 f - a potion of curing
 h - a potion of degeneration {unknown}

Dungeon Overview and Level Annotations

Branches:
Dungeon (4/15)
 Temple: D:4-7

Altars:
The Shining One


Message History

b - a potion of invisibility;
2537 ||| IDENTIFYING emerald potion Done exploring.
2538 ||| DROPPING potion of invisibility.
You drop a potion of invisibility.
Done exploring.
(D) Dungeon
Where to? (* - list waypoints, Enter - D:3, ? - help)
What level of the Dungeon? (default 1, ? - help)
There is a stone staircase leading down here.
You climb downwards.
Found a stone staircase leading up.
There is a stone staircase leading up here.
There are monsters nearby!
Waypoint 3 assigned to D:4.
You shoot an arrow. The arrow hits the ogre.
The ogre shouts!
The ogre is lightly wounded.
You shoot an arrow. The arrow hits the ogre!
The ogre is moderately wounded.
You shoot an arrow. The arrow hits the ogre.
The ogre is moderately wounded.
The ogre barely misses you.
The giant cockroach bites you but does no damage.
You shoot an arrow. The arrow hits the ogre.
The ogre is moderately wounded.
The giant cockroach barely misses you. The ogre closely misses you.
You shoot an arrow. The arrow closely misses the ogre.
The giant cockroach bites you but does no damage.
The giant cockroach closely misses you. The ogre barely misses you.
You shoot an arrow. The arrow hits the ogre!
The ogre is severely wounded.
The giant cockroach misses you.
You shoot an arrow.
The arrow hits the ogre but does no damage.
The ogre is severely wounded.
The giant cockroach bites you but does no damage.
The ogre hits you with a +0 giant club! The giant cockroach closely misses you.
2564 ||| STAIRDANCE The ogre hits you with a +0 giant club!!
Ouch! That really hurt!
You die...

.#^. .#.+ +###
.#.##...####
#..........#
+........<.#
#..........#
#....B.....#
#...@O.....#
.....##########
###


You could see an ogre and a giant cockroach.

Vanquished Creatures
  A vampire bat (D:3)
  Natasha (twice) (D:2)
  3 gnolls (D:3)
  5 adders
  A shadow imp (D:3)
  A white imp (D:3)
  A worm (D:2)
  A dart slug (D:1)
  3 fire bats (D:3)
  2 spectral bats (D:3)
  3 bat skeletons (D:3)
  A bat zombie (D:3)
  5 endoplasms (D:3)
  2 giant cockroaches
  4 hobgoblins
  A kobold (D:2)
  3 quokkas
  9 ball pythons
  15 bats
  A bat simulacrum (D:3)
  4 goblins
  A goblin skeleton (D:3)
  A goblin zombie (D:3)
  2 hobgoblin zombies (D:3)
  2 kobold skeletons (D:3)
  2 kobold zombies (D:3)
  2 orc skeletons (D:3)
  5 rats
83 creatures vanquished.

Notes
Turn   | Place    | Note
-------+----------+-------------------------------------------
     0 | D:1      | qw the Deep Elf Hunter began the quest for the Orb.
     0 | D:1      | Reached XP level 1. HP: 12/12 MP: 3/3
     0 | D:1      | 0 ||| qw: Version: 0.3-a-9-g12657ce
     0 | D:1      | 0 ||| qw: Game counter: 3507
     0 | D:1      | 0 ||| qw: Always use a shield: true
     0 | D:1      | 0 ||| qw: God list: Okawaru
     0 | D:1      | 0 ||| qw: Allow faded altars: false
     0 | D:1      | 0 ||| qw: Do Orc after D:15 true
     0 | D:1      | 0 ||| qw: Do second Lair branch before Depths: true
     0 | D:1      | 0 ||| qw: Lair rune preference: random
     0 | D:1      | 0 ||| qw: Plans: Normal
     0 | D:1      | 0 ||| PLANNING D:1-11
   141 | D:1      | Reached XP level 2. HP: 16/16 MP: 4/4
   157 | D:1      | Reached skill level 6 in Ranged Weapons
   691 | D:1      | 691 ||| DROPPING scarf of harm.
   692 | D:1      | 692 ||| DROPPING amulet of magic regeneration.
   693 | D:1      | 693 ||| READING scroll labelled SOMPIESSIA.
   698 | D:1      | 698 ||| READING scroll labelled MYOCRE OSUBU.
   699 | D:1      | 699 ||| DRINKING 4 brown potions.
   700 | D:1      | 700 ||| DROPPING scroll of butterflies.
   702 | D:1      | 702 ||| Stepping ~*~*~tactically~*~*~ (cloud).
   703 | D:1      | 703 ||| DRINKING 3 potions of curing.
   703 | D:1      | 703 ||| (to cure poison)
   718 | D:1      | 718 ||| DRINKING 2 potions of curing.
   718 | D:1      | 718 ||| (to cure poison)
   830 | D:2      | Identified the scarf "Wumuaxuf" {rC+ rF+, rN+ rCorr}
   858 | D:2      | HP: 1/16 [worm (8)]
   862 | D:2      | Reached XP level 3. HP: 2/20 MP: 5/5
   993 | D:2      | Identified the +5 whip of Acopseol {flame, rElec rN+}
  1109 | D:2      | Noticed Natasha
  1111 | D:2      | Killed Natasha
  1112 | D:2      | Reached skill level 7 in Ranged Weapons
  1206 | D:2      | Noticed Natasha
  1211 | D:2      | Killed Natasha
  1212 | D:2      | Reached XP level 4. HP: 25/25 MP: 6/6
  1330 | D:2      | 1330 ||| UPGRADING to scarf "Wumuaxuf" {rC+ rF+, rN+
                  | rCorr}.
  1335 | D:2      | 1335 ||| UPGRADING to +0 scale mail.
  1345 | D:2      | 1345 ||| DROPPING +0 leather armour.
  1346 | D:2      | 1346 ||| READING 3 scrolls labelled AXUIFR PUTH.
  1347 | D:2      | 1347 ||| READING scroll labelled NYPOKH NIRUYTOTO.
  1348 | D:2      | 1348 ||| READING scroll labelled OZAACE QICZOTH.
  1348 | D:2      | Identified a scroll of acquirement
  1348 | D:2      | 1348 ||| ACQUIRING +0 pair of gloves "Eziuxiam" {Int+6
                  | Stlth+}
  1348 | D:2      | Acquired the +0 pair of gloves "Eziuxiam" {Int+6 Stlth+}
  1350 | D:2      | 1350 ||| UPGRADING to +0 pair of gloves "Eziuxiam" {Int+6
                  | Stlth+}.
  1355 | D:2      | 1355 ||| READING 2 scrolls of identify.
  1355 | D:2      | 1355 ||| IDENTIFYING lumpy orange potion
  1356 | D:2      | 1356 ||| DROPPING potion of lignification.
  1435 | D:3      | 1435 ||| STAIRDANCE
  1555 | D:3      | Reached skill level 8 in Ranged Weapons
  1581 | D:3      | Reached XP level 5. HP: 11/29 MP: 7/7
  2061 | D:3      | Reached skill level 9 in Ranged Weapons
  2106 | D:3      | Reached skill level 1 in Armour
  2224 | D:3      | Reached XP level 6. HP: 34/35 MP: 8/8
  2345 | D:3      | Found a glowing golden altar of the Shining One.
  2537 | D:3      | 2537 ||| READING 2 scrolls of identify.
  2537 | D:3      | 2537 ||| IDENTIFYING emerald potion
  2538 | D:3      | 2538 ||| DROPPING potion of invisibility.
  2564 | D:4      | 2564 ||| STAIRDANCE
  2564 | D:4      | Mangled by an ogre

Levels and vault maps discovered:
D:1:      dpeg_arrival_short_road, layout_basic
D:2:      layout_basic, minivault_19, minmay_crystal_room, uniq_natasha
D:3:      layout_loops_ring, nicolae_tso_besieged_by_evil,
          hangedman_feature_mirror, goddamned_bats
D:4:      layout_gridville, nicolae_ru_awakened_eye, serial_shops, shop,
          minivault_26, uniq_crazy_yiuf_cottage

Skill      XL: |  1  2  3  4  5 |
---------------+----------------+-----
Ranged Weapons | 6 7 8 9 |  9.4
Armour         | 1 |  1.0
Fighting       | 2 |  2.1
Dodging        | |  2.4
Stealth        | |  1.2

Action                     |  1- 3 |  4- 6 || total
---------------------------+-------+-------++-------
   Fire: Shortbow          |    91 |   195 ||   286
    Use: Potion            |     3 |       ||     3
         Scroll            |     2 |     5 ||     7
 Armour: Leather armour    |     1 |       ||     1
         Scale mail        |       |   131 ||   131
  Dodge: Dodged            |    10 |   120 ||   130

Table legend:
 A = Non-vault XP
 B = Vault XP
 C = Vault XP percentage of total XP
 D = Non-vault monster count
 E = Vault monster count
 F = Vault count percentage of total count
                 A         B        C        D         E       F
            +---------+---------+-------+---------+---------+-------
      Total |     211 |     246 |  53.8 |      49 |      34 |  41.0
            +---------+---------+-------+---------+---------+-------
        D:1 |      29 |       0 |   0.0 |      18 |       0 |   0.0
        D:2 |      70 |      35 |  33.3 |      15 |       1 |   6.2
        D:3 |     112 |     211 |  65.3 |      16 |      33 |  67.3
            +---------+---------+-------+---------+---------+-------
